| TOP OF THE 1ST |
|
Cleveland Spiders batting - Pitching for Charlotte Knights : RHP Erik Hanson
|
|
Pitching: RHP Erik Hanson
|
|
|
Batting: LHB Darryl Strawberry
|
0-0: Called Strike 0-1: Foul Ball, location: 2F 0-2: Foul Ball, location: 2F 0-2: Foul Ball, location: 2F 0-2: Ball 1-2: Ball 2-2: Strikes out swinging
|
|
Batting: SHB Tomas Perez
|
0-0: Foul Ball, location: 2F 0-1: SINGLE (Line Drive, 78M, EV 110.0 MPH)
|
|
Batting: RHB Kevin Mitchell
|
0-0: Ball 1-0: Ball 2-0: Fly out, F8 (Flyball, 8LS, EV 80.6 MPH)
|
|
Batting: SHB Todd Hundley
|
0-0: Called Strike 0-1: Foul Ball, location: 2F 0-2: Ball 1-2: Ball 2-2: Foul Ball, location: 2F 2-2: Foul Ball, location: 2F 2-2: Strikes out looking
|
| Top of the 1st over - 0 runs, 1 hit, 0 errors, 1 left on base; Cleveland 0 - Charlotte 0 |
| BOTTOM OF THE 1ST |
|
Charlotte Knights batting - Pitching for Cleveland Spiders : RHP John Thomson
|
|
Pitching: RHP John Thomson
|
|
|
Batting: SHB Orlando Merced
|
0-0: Foul Ball, location: 2F 0-1: Swinging Strike 0-2: Reached on error, E3 (Groundball, 3, EV 83.1 MPH)
|
|
Batting: LHB Jason Giambi
|
0-0: DOUBLE (Groundball, 3L, EV 106.3 MPH) Orlando Merced to third
|
|
Batting: SHB Carl Everett
|
0-0: Called Strike 0-1: Foul Ball, location: 2F 0-2: Ball 1-2: Foul Ball, location: 2F 1-2: Foul Ball, location: 2F 1-2: 3-RUN HOME RUN (Flyball, 89XD, EV 109.4 MPH), Distance : 402 ft
|
|
Batting: RHB Nomar Garciaparra
|
0-0: SOLO HOME RUN (Flyball, 78XD, EV 98.1 MPH), Distance : 404 ft
|
|
Batting: RHB Shane Mack
|
0-0: Ball 1-0: SINGLE (Groundball, 6MD, EV 101.9 MPH)
|
|
Batting: RHB Chuck Knoblauch
|
0-0: Ball Shane Mack steals 2nd base 1-0: Ball 2-0: Called Strike 2-1: Foul Ball, location: 2F 2-2: SINGLE (Flyball, 78S, EV 91.9 MPH) Shane Mack to third
|
|
Batting: RHB Mark Carreon
|
0-0: Called Strike 0-1: Foul Ball, location: 2F 0-2: Ball 1-2: Foul Ball, location: 2F 1-2: Ball 2-2: Ball 3-2: Base on Balls Chuck Knoblauch to second
|
|
Batting: RHB Tony Batista
|
0-0: Called Strike 0-1: Ball 1-1: Grounds into double play, 5-4-3 (Groundball, 56, EV 99.4 MPH) Shane Mack scores Chuck Knoblauch to third
|
|
Batting: RHB Todd Zeile
|
0-0: Swinging Strike 0-1: Ball 1-1: Foul Ball, location: 2F 1-2: Ball 2-2: Foul Ball, location: 2F 2-2: Ball 3-2: Base on Balls
|
|
Batting: SHB Orlando Merced
|
0-0: Ball 1-0: Ball 2-0: Swinging Strike 2-1: Ball 3-1: Swinging Strike 3-2: Base on Balls Todd Zeile to second
|
|
Batting: LHB Jason Giambi
|
0-0: Called Strike 0-1: Called Strike 0-2: Ball 1-2: Strikes out swinging
|
| Bottom of the 1st over - 5 runs, 5 hits, 1 error, 3 left on base; Cleveland 0 - Charlotte 5 |
| TOP OF THE 2ND |
|
Cleveland Spiders batting - Pitching for Charlotte Knights : RHP Erik Hanson
|
|
Batting: LHB Raul Ibanez
|
0-0: Foul Ball, location: 2F 0-1: Called Strike 0-2: Ball 1-2: Ball 2-2: Ball 3-2: Strikes out looking
|
|
Batting: SHB Howard Johnson
|
0-0: Ball 1-0: Called Strike 1-1: Swinging Strike 1-2: Strikes out swinging
|
|
Batting: RHB Bernard Gilkey
|
0-0: Called Strike 0-1: Ball 1-1: Ball 2-1: Fly out, F7 (Flyball, 7LM, EV 81.9 MPH)
|
| Top of the 2nd over - 0 runs, 0 hits, 0 errors, 0 left on base; Cleveland 0 - Charlotte 5 |
| BOTTOM OF THE 2ND |
|
Charlotte Knights batting - Pitching for Cleveland Spiders : RHP John Thomson
|
|
Batting: SHB Carl Everett
|
0-0: Called Strike 0-1: Ball 1-1: Foul Ball, location: 2F 1-2: Foul Ball, location: 2F 1-2: Strikes out swinging
|
|
Batting: RHB Nomar Garciaparra
|
0-0: Ground out U3 (Groundball, 34, EV 93.8 MPH)
|
|
Batting: RHB Shane Mack
|
0-0: Called Strike 0-1: Ball 1-1: Ball 2-1: Ground out 6-3 (Groundball, 6, EV 80.6 MPH)
|
| Bottom of the 2nd over - 0 runs, 0 hits, 0 errors, 0 left on base; Cleveland 0 - Charlotte 5 |
| TOP OF THE 3RD |
|
Cleveland Spiders batting - Pitching for Charlotte Knights : RHP Erik Hanson
|
|
Batting: RHB Marquis Grissom
|
0-0: SINGLE (Line Drive, 56D, EV 106.9 MPH)
|
|
Batting: RHB Billy Ripken
|
0-0: Called Strike 0-1: Called Strike 0-2: Grounds into double play, 5-4-3 (Groundball, 56S, EV 86.9 MPH)
|
|
Batting: LHB Darryl Strawberry
|
0-0: Called Strike 0-1: Foul Ball, location: 2F 0-2: Ball 1-2: Foul Ball, location: 2F 1-2: Foul Ball, location: 2F 1-2: Ball 2-2: SINGLE (Line Drive, 56D, EV 105.6 MPH)
|
|
Batting: SHB Tomas Perez
|
0-0: Called Strike 0-1: SINGLE (Line Drive, 8RS, EV 86.9 MPH) Darryl Strawberry to second Runner from 2nd tries for 3rd, OUT! 8-5
|
| Top of the 3rd over - 0 runs, 3 hits, 0 errors, 1 left on base; Cleveland 0 - Charlotte 5 |
| BOTTOM OF THE 3RD |
|
Charlotte Knights batting - Pitching for Cleveland Spiders : RHP John Thomson
|
|
Batting: RHB Chuck Knoblauch
|
0-0: Ball 1-0: Swinging Strike 1-1: Ball 2-1: Ball 3-1: Swinging Strike 3-2: Base on Balls
|
|
Batting: RHB Mark Carreon
|
0-0: Ball 1-0: Ball 2-0: Fielders Choice at 2nd, 6-4 (Groundball, 6, EV 85.6 MPH)
|
|
Batting: RHB Tony Batista
|
0-0: Called Strike 0-1: Ball 1-1: Called Strike 1-2: Foul Ball, location: 2F 1-2: Foul Ball, location: 2F 1-2: Ball 2-2: Ball 3-2: Base on Balls Mark Carreon to second
|
|
Batting: RHB Todd Zeile
|
0-0: Called Strike 0-1: Ball 1-1: Ball 2-1: Called Strike 2-2: Foul Ball, location: 2F 2-2: Ball 3-2: Strikes out swinging
|
|
Batting: SHB Orlando Merced
|
0-0: Ball 1-0: Called Strike 1-1: Ball 2-1: Ball 3-1: Ground out U3 (Groundball, 3, EV 99.4 MPH)
|
| Bottom of the 3rd over - 0 runs, 0 hits, 0 errors, 2 left on base; Cleveland 0 - Charlotte 5 |
| TOP OF THE 4TH |
|
Cleveland Spiders batting - Pitching for Charlotte Knights : RHP Erik Hanson
|
|
Batting: RHB Kevin Mitchell
|
0-0: Ball 1-0: Called Strike 1-1: Called Strike 1-2: Ground out 6-3 (Groundball, 6, EV 97.5 MPH)
|
|
Batting: SHB Todd Hundley
|
0-0: Called Strike 0-1: Foul Ball, location: 2F 0-2: Strikes out swinging
|
|
Batting: LHB Raul Ibanez
|
0-0: Ball 1-0: Foul Ball, location: 2F 1-1: Ball 2-1: Ball 3-1: DOUBLE (Flyball, 78D, EV 104.4 MPH)
|
|
Batting: SHB Howard Johnson
|
0-0: Ball 1-0: Fly out, F6 (Popup, 6S, EV 78.1 MPH)
|
| Top of the 4th over - 0 runs, 1 hit, 0 errors, 1 left on base; Cleveland 0 - Charlotte 5 |
| BOTTOM OF THE 4TH |
|
Charlotte Knights batting - Pitching for Cleveland Spiders : RHP John Thomson
|
|
Batting: LHB Jason Giambi
|
0-0: Ball 1-0: Foul Ball, location: 2F 1-1: Swinging Strike 1-2: Foul Ball, location: 2F 1-2: Fly out, F8 (Flyball, 8LM, EV 84.4 MPH)
|
|
Batting: SHB Carl Everett
|
0-0: Ball 1-0: Foul Ball, location: 2F 1-1: Foul Ball, location: 2F 1-2: Ground out 6-3 (Groundball, 56, EV 83.8 MPH)
|
|
Batting: RHB Nomar Garciaparra
|
0-0: Foul Ball, location: 2F 0-1: Ball 1-1: Called Strike 1-2: Ball 2-2: Strikes out looking
|
| Bottom of the 4th over - 0 runs, 0 hits, 0 errors, 0 left on base; Cleveland 0 - Charlotte 5 |
| TOP OF THE 5TH |
|
Cleveland Spiders batting - Pitching for Charlotte Knights : RHP Erik Hanson
|
|
Batting: RHB Bernard Gilkey
|
0-0: Called Strike 0-1: Ball 1-1: Foul Ball, location: 2F 1-2: Fly out, F6 (Line Drive, 6, EV 68.1 MPH)
|
|
Batting: RHB Marquis Grissom
|
0-0: Ball 1-0: Ball 2-0: Fly out, F8 (Flyball, 8RM, EV 76.3 MPH)
|
|
Batting: RHB Billy Ripken
|
0-0: Ball 1-0: Foul Ball, location: 2F 1-1: Ball 2-1: Called Strike 2-2: Strikes out swinging
|
| Top of the 5th over - 0 runs, 0 hits, 0 errors, 0 left on base; Cleveland 0 - Charlotte 5 |
| BOTTOM OF THE 5TH |
|
Charlotte Knights batting - Pitching for Cleveland Spiders : RHP John Thomson
|
|
Batting: RHB Shane Mack
|
0-0: Ball 1-0: Foul Ball, location: 2F 1-1: Ball 2-1: Ball 3-1: Base on Balls
|
|
Batting: RHB Chuck Knoblauch
|
0-0: Called Strike 0-1: Called Strike 0-2: Strikes out swinging
|
|
Batting: RHB Mark Carreon
|
0-0: Called Strike 0-1: Swinging Strike 0-2: Foul Ball, location: 2F 0-2: SINGLE (Groundball, 6MD, EV 101.9 MPH) Shane Mack to second Runner from 2nd tries for 3rd, SAFE, no throw by CF
|
|
Batting: RHB Tony Batista
|
0-0: Ball Mark Carreon is caught stealing 2nd base 2-4 1-0: Ground out 6-3 (Groundball, 6, EV 78.1 MPH)
|
| Bottom of the 5th over - 0 runs, 1 hit, 0 errors, 1 left on base; Cleveland 0 - Charlotte 5 |
| TOP OF THE 6TH |
|
Cleveland Spiders batting - Pitching for Charlotte Knights : RHP Erik Hanson
|
|
Batting: LHB Darryl Strawberry
|
0-0: Called Strike 0-1: Ball 1-1: Ball 2-1: SINGLE (Line Drive, 8RS, EV 108.8 MPH)
|
|
Batting: SHB Tomas Perez
|
0-0: Called Strike 0-1: Ball 1-1: Fly out, F7 (Flyball, 7S, EV 90.0 MPH)
|
|
Batting: RHB Kevin Mitchell
|
0-0: Ball Darryl Strawberry is caught stealing 2nd base 2-4 1-0: Ball 2-0: Ball 3-0: Called Strike 3-1: Base on Balls
|
|
Batting: SHB Todd Hundley
|
0-0: Ball 1-0: Ball 2-0: Foul Ball, location: 2F 2-1: Called Strike 2-2: Foul Ball, location: 2F 2-2: Strikes out swinging
|
| Top of the 6th over - 0 runs, 1 hit, 0 errors, 1 left on base; Cleveland 0 - Charlotte 5 |
| BOTTOM OF THE 6TH |
|
Charlotte Knights batting - Pitching for Cleveland Spiders : RHP John Thomson
|
|
Batting: RHB Todd Zeile
|
0-0: Ball 1-0: Swinging Strike 1-1: Swinging Strike 1-2: Ground out 2-3 (Groundball, 15S, EV 67.5 MPH)
|
|
Batting: SHB Orlando Merced
|
0-0: SINGLE (Groundball, 34D, EV 93.8 MPH)
|
|
Pitching: RHP Nate Minchey
|
|
|
Batting: LHB Jason Giambi
|
0-0: Ball 1-0: Called Strike 1-1: Ball 2-1: Fly out, F7 (Flyball, 7LS, EV 87.5 MPH)
|
|
Batting: SHB Carl Everett
|
0-0: SINGLE (Flyball, 9LS, EV 96.3 MPH) Orlando Merced to second Runner from 2nd tries for 3rd, SAFE, no throw by RF
|
|
Batting: RHB Nomar Garciaparra
|
0-0: Ball 1-0: Called Strike 1-1: Swinging Strike 1-2: Foul Ball, location: 2F 1-2: Foul Ball, location: 2F 1-2: Foul Ball, location: 2F 1-2: Strikes out swinging
|
| Bottom of the 6th over - 0 runs, 2 hits, 0 errors, 2 left on base; Cleveland 0 - Charlotte 5 |
| TOP OF THE 7TH |
|
Cleveland Spiders batting - Pitching for Charlotte Knights : RHP Erik Hanson
|
|
Batting: LHB Raul Ibanez
|
0-0: Ball 1-0: Ball 2-0: Foul Ball, location: 2F 2-1: Ball 3-1: Called Strike 3-2: Strikes out looking
|
|
Batting: SHB Howard Johnson
|
0-0: Called Strike 0-1: Swinging Strike 0-2: DOUBLE (Line Drive, 78XD, EV 105.0 MPH)
|
|
Batting: RHB Bernard Gilkey
|
0-0: Fly out, F6 (Popup, 6MS, EV 81.9 MPH)
|
|
Pitching: RHP Chris Bosio
|
|
|
Batting: RHB Marquis Grissom
|
0-0: SINGLE (Line Drive, 4D, EV 102.5 MPH) Howard Johnson to third Runner from 3rd tries for Home, SAFE, throw by CF to home
|
|
Batting: RHB Billy Ripken
|
0-0: Called Strike 0-1: SINGLE (Line Drive, 34, EV 107.5 MPH) Marquis Grissom to second
|
|
Batting: LHB Darryl Strawberry
|
0-0: Called Strike 0-1: Ball 1-1: 3-RUN HOME RUN (Flyball, 9LD, EV 101.9 MPH), Distance : 343 ft
|
|
Pitching: RHP Matt Mantei
|
|
|
Batting: SHB Tomas Perez
|
0-0: Ground out 5-3 (Groundball, 56S, EV 80.0 MPH)
|
| Top of the 7th over - 4 runs, 4 hits, 0 errors, 0 left on base; Cleveland 4 - Charlotte 5 |
| BOTTOM OF THE 7TH |
|
Charlotte Knights batting - Pitching for Cleveland Spiders : RHP Nate Minchey
|
|
Batting: RHB Shane Mack
|
0-0: Ball 1-0: Ball 2-0: Called Strike 2-1: Called Strike 2-2: Fly out, F7 (Flyball, 7S, EV 78.1 MPH)
|
|
Batting: RHB Chuck Knoblauch
|
0-0: Ball 1-0: Ball 2-0: Ball 3-0: Called Strike 3-1: Foul Ball, location: 2F 3-2: Fly out, F1 (Line Drive, P, EV 67.5 MPH)
|
|
Batting: RHB Mark Carreon
|
0-0: Called Strike 0-1: Swinging Strike 0-2: Ball 1-2: Ball 2-2: Ball 3-2: Foul Ball, location: 2F 3-2: Foul Ball, location: 2F 3-2: Fly out, F5 (Popup, 56, EV 80.0 MPH)
|
| Bottom of the 7th over - 0 runs, 0 hits, 0 errors, 0 left on base; Cleveland 4 - Charlotte 5 |
| TOP OF THE 8TH |
|
Cleveland Spiders batting - Pitching for Charlotte Knights : RHP Matt Mantei
|
|
Now in CF: Ruben Rivera
|
|
|
Batting: RHB Kevin Mitchell
|
0-0: Ball 1-0: Fly out, F8 (Flyball, 8RD, EV 106.3 MPH)
|
|
Batting: SHB Todd Hundley
|
0-0: Ball 1-0: Swinging Strike 1-1: Ball 2-1: Ball 3-1: Fly out, F5 (Popup, 25F, EV 85.0 MPH)
|
|
Batting: LHB Raul Ibanez
|
0-0: Ball 1-0: Ball 2-0: Called Strike 2-1: Called Strike 2-2: Foul Ball, location: 2F 2-2: SINGLE (Line Drive, 3D, EV 101.9 MPH)
|
|
Batting: SHB Howard Johnson
|
0-0: Ball Wild Pitch! Raul Ibanez to second 1-0: Ball 2-0: Called Strike 2-1: Called Strike 2-2: Ball 3-2: Fly out, F9 (Flyball, 89D, EV 98.8 MPH)
|
| Top of the 8th over - 0 runs, 1 hit, 0 errors, 1 left on base; Cleveland 4 - Charlotte 5 |
| BOTTOM OF THE 8TH |
|
Charlotte Knights batting - Pitching for Cleveland Spiders : RHP Nate Minchey
|
|
Batting: RHB Tony Batista
|
0-0: Ball 1-0: Called Strike 1-1: Foul Ball, location: 2F 1-2: Foul Ball, location: 2F 1-2: Fly out, F8 (Flyball, 8RM, EV 89.4 MPH)
|
|
Batting: RHB Todd Zeile
|
0-0: Called Strike 0-1: Called Strike 0-2: Ball 1-2: Foul Ball, location: 2F 1-2: Fly out, F8 (Flyball, 8LS, EV 93.8 MPH)
|
|
Batting: SHB Orlando Merced
|
0-0: Ball 1-0: Ball 2-0: SINGLE (Groundball, 4MD, EV 96.3 MPH)
|
|
Batting: LHB Jason Giambi
|
0-0: Ball 1-0: Ball 2-0: Ball 3-0: Base on Balls Orlando Merced to second
|
|
Pinch Runner at 2nd Lenny Dykstra:
|
|
|
Batting: SHB Carl Everett
|
0-0: Called Strike 0-1: Ball 1-1: Foul Ball, location: 2F 1-2: Ground out 4-3 (Groundball, 4, EV 104.4 MPH)
|
| Bottom of the 8th over - 0 runs, 1 hit, 0 errors, 2 left on base; Cleveland 4 - Charlotte 5 |
| TOP OF THE 9TH |
|
Cleveland Spiders batting - Pitching for Charlotte Knights : RHP Matt Mantei
|
|
Pitching: RHP Tim Burke
|
|
|
Now at 1B: David Segui
|
|
|
Now at 3B: Neifi Perez
|
|
|
Now in RF: Lenny Dykstra
|
|
|
Batting: RHB Bernard Gilkey
|
0-0: Ball 1-0: Called Strike 1-1: Foul Ball, location: 2F 1-2: Ball 2-2: Foul Ball, location: 2F 2-2: Ball 3-2: Foul Ball, location: 2F 3-2: Strikes out looking
|
|
Batting: RHB Marquis Grissom
|
0-0: Ball 1-0: SINGLE (Groundball, 6MD, EV 108.1 MPH)
|
|
Pinch Hitting: LHB Garret Anderson
|
0-0: Foul Ball, location: 2F 0-1: Ball 1-1: Ball 2-1: Fly out, F7 (Flyball, 7S, EV 93.8 MPH)
|
|
Batting: LHB Darryl Strawberry
|
0-0: Ball 1-0: Ball 2-0: Ball 3-0: Base on Balls Marquis Grissom to second
|
|
Batting: SHB Tomas Perez
|
0-0: Ground out 4-3 (Groundball, 4, EV 110.6 MPH)
|
| Top of the 9th over - 0 runs, 1 hit, 0 errors, 2 left on base; Cleveland 4 - Charlotte 5 |
|